Workbook

Sheet 说明
A1: 外聘律师管理工具（v0.1）
A3: 版本 | B3: v0.1
A4: 更新日期 | B4: 46324
A5: 用途 | B5: 选聘评分、费率比较、案件台账、例会记录和结案复盘。所有费率和金额均为模拟口径，不代表市场报价。
A7: 使用顺序
A8: 1. 选聘评分：先做利益冲突核查，再按专业、经验、投入、费率、合规、响应六项打分；评分只用于排序。
A9: 2. 费率比较：把小时、固定、封顶、风险、混合报价折算成可比总成本，并设置预算上限。
A10: 3. 案件台账：登记程序、时效、下一节点、预算和风险灯；每周更新。
A11: 4. 例会记录：固定议程，记录事实、争点、策略、行动项和预算变化。
A12: 5. 结案复盘：核对回款、费用、周期和目标达成，更新外部律师评分和知识库。
A14: 工作表索引
A15: 选聘评分 | B15: 六维加权评分，含权重、建议和评分锚点
A16: 费率比较 | B16: 小时/固定/封顶/风险/混合报价折算与总成本比较
A17: 案件台账 | B17: 程序、人工核准截止日、最早节点、预算余额和风险灯
A18: 例会记录 | B18: 事实更新、法律争点、策略、行动项和逾期提醒
A19: 结案复盘 | B19: 回款、债权、费用、回款率、净回收率、目标达成和经验
A20: 试算 | B20: 引用示例行验证公式；修改示例数据后重新核对
A22: 重要提示
A23: 1. 本工具不是法律意见，不替代针对具体案件的律师意见；选聘、报价、和解和诉讼决策由有权人批准。
A24: 2. 费率、工时、预算、回款和周期均为模拟口径，仅用于演示比较方法；实际报价以书面报价单和合同为准。
A25: 3. 劳动报酬、工伤赔偿、社会保险待遇等列明案件禁止（含变相）风险代理；其他案件先核查适用性及各环节合计收费分段上限，混合报价不得规避。
A26: 4. 表内主体、金额及案件均为虚构，各表示例独立演示，不能据此声称真实代理或结案；真实内部使用须授权和访问控制，对外分享须脱敏。
A27: 5. 冲突核查是准入门槛，法定禁止代理不能凭双方同意豁免；未通过核查不得仅凭综合评分选聘。
A29: 法源核对（2026-10-29）
A30: 律师收费：司发通〔2021〕87 号第三部分第（四）至（七）项；已读官方全文转载。
A31: https://www.zhanjiang.gov.cn/sfj/gkmlpt/content/1/1583/mpost_1583067.html
A32: 风险收费按最终实现债权/减免债务分段：100万内18%；100—500万15%；500—1000万12%；1000—5000万9%；超过5000万6%。各环节服务费合计核对。
A33: 民事执行期：《民事诉讼法》第250条；劳动仲裁时效及救济：《劳动争议调解仲裁法》第27、48—50条，结合劳动解释（二）第20条；本表不自动生成法律截止日。
A34: https://policy.mofcom.gov.cn/claw/clawContent.shtml?id=98636
... A36: 案件台账须人工核定法律截止日和下一节点；风险灯取较早日期，空日期标黄、预算超支标红。新增案件复制整行公式与校验；对真实数据设置授权与访问控制。

Sheet 选聘评分
A1: 外聘律师选聘评分
A2: 先冲突核查，禁止代理不评分替代。六项均须填1—5整数，权重合计100%才计算；1=明显不足，3=基本满足，5=明显优势。
A3: 权重 | C3: 0.2 | D3: 0.2 | E3: 0.15 | F3: 0.2 | G3: 0.15 | H3: 0.1 | I3: =SUM(C3:H3) -> 1
A4: 序号 | B4: 律所/团队 | C4: 专业领域匹配 | D4: 同类案件经验 | E4: 主办律师投入 | F4: 费率竞争力 | G4: 利益冲突与合规 | H4: 响应速度 | I4: 加权合计 | J4: 建议 | K4: 备注 | L4: 冲突核查
A5: 1 | B5: 甲律师事务所 | C5: 5 | D5: 4 | E5: 5 | F5: 3 | G5: 4 | H5: 4 | I5: =IF(OR($B5="",COUNT(C5:H5)<6,ABS(SUM($C$3:$H$3)-1)>0.000001),"",ROUND(SUMPRODUCT(C5:H5,$C$3:$H$3),2)) -> 4.15 | J5: =IF($B5="","",IF($L5<>"通过","核查未通过",IF($I5="","待补录/核权重",IF($I5>=4.2,"优先",IF($I5>=3.5,"备选","不推荐"))))) -> 备选 | L5: 通过
A6: 2 | B6: 乙律师事务所 | C6: 4 | D6: 5 | E6: 4 | F6: 4 | G6: 4 | H6: 3 | I6: =IF(OR($B6="",COUNT(C6:H6)<6,ABS(SUM($C$3:$H$3)-1)>0.000001),"",ROUND(SUMPRODUCT(C6:H6,$C$3:$H$3),2)) -> 4.1 | J6: =IF($B6="","",IF($L6<>"通过","核查未通过",IF($I6="","待补录/核权重",IF($I6>=4.2,"优先",IF($I6>=3.5,"备选","不推荐"))))) -> 备选 | L6: 通过
A7: 3 | B7: 丙律师事务所 | C7: 3 | D7: 4 | E7: 5 | F7: 5 | G7: 5 | H7: 3 | I7: =IF(OR($B7="",COUNT(C7:H7)<6,ABS(SUM($C$3:$H$3)-1)>0.000001),"",ROUND(SUMPRODUCT(C7:H7,$C$3:$H$3),2)) -> 4.2 | J7: =IF($B7="","",IF($L7<>"通过","核查未通过",IF($I7="","待补录/核权重",IF($I7>=4.2,"优先",IF($I7>=3.5,"备选","不推荐"))))) -> 优先 | L7: 通过
A8: 4 | B8: 丁律师事务所 | C8: 4 | D8: 3 | E8: 3 | F8: 4 | G8: 3 | H8: 5 | I8: =IF(OR($B8="",COUNT(C8:H8)<6,ABS(SUM($C$3:$H$3)-1)>0.000001),"",ROUND(SUMPRODUCT(C8:H8,$C$3:$H$3),2)) -> 3.6 | J8: =IF($B8="","",IF($L8<>"通过","核查未通过",IF($I8="","待补录/核权重",IF($I8>=4.2,"优先",IF($I8>=3.5,"备选","不推荐"))))) -> 备选 | L8: 通过
I9: =IF(OR($B9="",COUNT(C9:H9)<6,ABS(SUM($C$3:$H$3)-1)>0.000001),"",ROUND(SUMPRODUCT(C9:H9,$C$3:$H$3),2)) | J9: =IF($B9="","",IF($L9<>"通过","核查未通过",IF($I9="","待补录/核权重",IF($I9>=4.2,"优先",IF($I9>=3.5,"备选","不推荐")))))
I10: =IF(OR($B10="",COUNT(C10:H10)<6,ABS(SUM($C$3:$H$3)-1)>0.000001),"",ROUND(SUMPRODUCT(C10:H10,$C$3:$H$3),2)) | J10: =IF($B10="","",IF($L10<>"通过","核查未通过",IF($I10="","待补录/核权重",IF($I10>=4.2,"优先",IF($I10>=3.5,"备选","不推荐")))))
I11: =IF(OR($B11="",COUNT(C11:H11)<6,ABS(SUM($C$3:$H$3)-1)>0.000001),"",ROUND(SUMPRODUCT(C11:H11,$C$3:$H$3),2)) | J11: =IF($B11="","",IF($L11<>"通过","核查未通过",IF($I11="","待补录/核权重",IF($I11>=4.2,"优先",IF($I11>=3.5,"备选","不推荐")))))
I12: =IF(OR($B12="",COUNT(C12:H12)<6,ABS(SUM($C$3:$H$3)-1)>0.000001),"",ROUND(SUMPRODUCT(C12:H12,$C$3:$H$3),2)) | J12: =IF($B12="","",IF($L12<>"通过","核查未通过",IF($I12="","待补录/核权重",IF($I12>=4.2,"优先",IF($I12>=3.5,"备选","不推荐")))))
I13: =IF(OR($B13="",COUNT(C13:H13)<6,ABS(SUM($C$3:$H$3)-1)>0.000001),"",ROUND(SUMPRODUCT(C13:H13,$C$3:$H$3),2)) | J13: =IF($B13="","",IF($L13<>"通过","核查未通过",IF($I13="","待补录/核权重",IF($I13>=4.2,"优先",IF($I13>=3.5,"备选","不推荐")))))
I14: =IF(OR($B14="",COUNT(C14:H14)<6,ABS(SUM($C$3:$H$3)-1)>0.000001),"",ROUND(SUMPRODUCT(C14:H14,$C$3:$H$3),2)) | J14: =IF($B14="","",IF($L14<>"通过","核查未通过",IF($I14="","待补录/核权重",IF($I14>=4.2,"优先",IF($I14>=3.5,"备选","不推荐")))))
I15: =IF(OR($B15="",COUNT(C15:H15)<6,ABS(SUM($C$3:$H$3)-1)>0.000001),"",ROUND(SUMPRODUCT(C15:H15,$C$3:$H$3),2)) | J15: =IF($B15="","",IF($L15<>"通过","核查未通过",IF($I15="","待补录/核权重",IF($I15>=4.2,"优先",IF($I15>=3.5,"备选","不推荐")))))
A17: 评分说明
A18: 专业领域匹配：是否有同类争议/劳动案件经验；同类案件经验：可核实的案例数量和结果；主办律师投入：合伙人/主办律师的实际工时承诺；费率竞争力：总成本而非小时费率单项；利益冲突与合规：冲突检索、保密、数据保护、执业保险；响应速度：首次响应和例会频率。

Sheet 费率比较
A1: 外聘律师费率比较
A2: 全部为虚构报价，示例按同一预计回款1000万元比较。小时/固定/封顶/风险/混合分别计算；风险及含风险混合须先核适用性与各环节服务费合计上限。
A3: 序号 | B3: 律所 | C3: 报价模式 | D3: 小时费率(元) | E3: 预估小时 | F3: 固定/封顶报价(元) | G3: 风险比例 | H3: 预计回款(元) | I3: 预计律师费(元) | J3: 其他费用(元) | K3: 总成本(元) | L3: 占回款比例 | M3: 建议 | N3: 风险适用核查 | O3: 合计风险收费上限(元) | P3: 合规提示
A4: 1 | B4: 甲律师事务所 | C4: 小时 | D4: 2000 | E4: 120 | F4: 0 | G4: 0 | H4: 10000000 | I4: =IF($B4="","",IF($C4="小时",IF(COUNT(D4:E4)=2,D4*E4,""),IF($C4="固定",IF(ISNUMBER(F4),F4,""),IF($C4="封顶",IF(COUNT(D4:F4)=3,MIN(D4*E4,F4),""),IF($C4="风险",IF(COUNT(G4:H4)=2,H4*G4,""),IF($C4="混合",IF(COUNT(D4:H4)=5,D4*E4+F4+H4*G4,""),"")))))) -> 240000 | J4: 20000 | K4: =IF($I4="","",$I4+$J4) -> 260000 | L4: =IF(OR($H4="",$H4=0,$K4=""),"",$K4/$H4) -> 0.026 | M4: =IF($B4="","",IF(OR($I4="",LEFT($P4,2)="停止"),"待核/不推荐",IF($L4="","—",IF($L4<=0.1,"优先",IF($L4<=0.2,"可谈","偏高"))))) -> 优先 | N4: 未核查 | O4: =IF(OR($B4="",NOT(ISNUMBER($H4))),"",MIN(H4,1000000)*18%+MAX(0,MIN(H4-1000000,4000000))*15%+MAX(0,MIN(H4-5000000,5000000))*12%+MAX(0,MIN(H4-10000000,40000000))*9%+MAX(0,H4-50000000)*6%) -> 1380000 | P4: =IF($B4="","",IF($I4="","待补录报价",IF(OR($C4="风险",AND($C4="混合",$G4>0)),IF($N4<>"允许","停止：核适用性",IF($I4>$O4,"停止：超过上限","仍须核各环节合计")),"按报价核定"))) -> 按报价核定
A5: 2 | B5: 乙律师事务所 | C5: 固定 | D5: 0 | E5: 0 | F5: 180000 | G5: 0 | H5: 10000000 | I5: =IF($B5="","",IF($C5="小时",IF(COUNT(D5:E5)=2,D5*E5,""),IF($C5="固定",IF(ISNUMBER(F5),F5,""),IF($C5="封顶",IF(COUNT(D5:F5)=3,MIN(D5*E5,F5),""),IF($C5="风险",IF(COUNT(G5:H5)=2,H5*G5,""),IF($C5="混合",IF(COUNT(D5:H5)=5,D5*E5+F5+H5*G5,""),"")))))) -> 180000 | J5: 15000 | K5: =IF($I5="","",$I5+$J5) -> 195000 | L5: =IF(OR($H5="",$H5=0,$K5=""),"",$K5/$H5) -> 0.0195 | M5: =IF($B5="","",IF(OR($I5="",LEFT($P5,2)="停止"),"待核/不推荐",IF($L5="","—",IF($L5<=0.1,"优先",IF($L5<=0.2,"可谈","偏高"))))) -> 优先 | N5: 未核查 | O5: =IF(OR($B5="",NOT(ISNUMBER($H5))),"",MIN(H5,1000000)*18%+MAX(0,MIN(H5-1000000,4000000))*15%+MAX(0,MIN(H5-5000000,5000000))*12%+MAX(0,MIN(H5-10000000,40000000))*9%+MAX(0,H5-50000000)*6%) -> 1380000 | P5: =IF($B5="","",IF($I5="","待补录报价",IF(OR($C5="风险",AND($C5="混合",$G5>0)),IF($N5<>"允许","停止：核适用性",IF($I5>$O5,"停止：超过上限","仍须核各环节合计")),"按报价核定"))) -> 按报价核定
A6: 3 | B6: 丙律师事务所 | C6: 封顶 | D6: 2000 | E6: 120 | F6: 200000 | G6: 0 | H6: 10000000 | I6: =IF($B6="","",IF($C6="小时",IF(COUNT(D6:E6)=2,D6*E6,""),IF($C6="固定",IF(ISNUMBER(F6),F6,""),IF($C6="封顶",IF(COUNT(D6:F6)=3,MIN(D6*E6,F6),""),IF($C6="风险",IF(COUNT(G6:H6)=2,H6*G6,""),IF($C6="混合",IF(COUNT(D6:H6)=5,D6*E6+F6+H6*G6,""),"")))))) -> 200000 | J6: 10000 | K6: =IF($I6="","",$I6+$J6) -> 210000 | L6: =IF(OR($H6="",$H6=0,$K6=""),"",$K6/$H6) -> 0.021 | M6: =IF($B6="","",IF(OR($I6="",LEFT($P6,2)="停止"),"待核/不推荐",IF($L6="","—",IF($L6<=0.1,"优先",IF($L6<=0.2,"可谈","偏高"))))) -> 优先 | N6: 未核查 | O6: =IF(OR($B6="",NOT(ISNUMBER($H6))),"",MIN(H6,1000000)*18%+MAX(0,MIN(H6-1000000,4000000))*15%+MAX(0,MIN(H6-5000000,5000000))*12%+MAX(0,MIN(H6-10000000,40000000))*9%+MAX(0,H6-50000000)*6%) -> 1380000 | P6: =IF($B6="","",IF($I6="","待补录报价",IF(OR($C6="风险",AND($C6="混合",$G6>0)),IF($N6<>"允许","停止：核适用性",IF($I6>$O6,"停止：超过上限","仍须核各环节合计")),"按报价核定"))) -> 按报价核定
A7: 4 | B7: 丁律师事务所 | C7: 风险 | D7: 0 | E7: 0 | F7: 0 | G7: 0.1 | H7: 10000000 | I7: =IF($B7="","",IF($C7="小时",IF(COUNT(D7:E7)=2,D7*E7,""),IF($C7="固定",IF(ISNUMBER(F7),F7,""),IF($C7="封顶",IF(COUNT(D7:F7)=3,MIN(D7*E7,F7),""),IF($C7="风险",IF(COUNT(G7:H7)=2,H7*G7,""),IF($C7="混合",IF(COUNT(D7:H7)=5,D7*E7+F7+H7*G7,""),"")))))) -> 1000000 | J7: 5000 | K7: =IF($I7="","",$I7+$J7) -> 1005000 | L7: =IF(OR($H7="",$H7=0,$K7=""),"",$K7/$H7) -> 0.1005 | M7: =IF($B7="","",IF(OR($I7="",LEFT($P7,2)="停止"),"待核/不推荐",IF($L7="","—",IF($L7<=0.1,"优先",IF($L7<=0.2,"可谈","偏高"))))) -> 可谈 | N7: 允许 | O7: =IF(OR($B7="",NOT(ISNUMBER($H7))),"",MIN(H7,1000000)*18%+MAX(0,MIN(H7-1000000,4000000))*15%+MAX(0,MIN(H7-5000000,5000000))*12%+MAX(0,MIN(H7-10000000,40000000))*9%+MAX(0,H7-50000000)*6%) -> 1380000 | P7: =IF($B7="","",IF($I7="","待补录报价",IF(OR($C7="风险",AND($C7="混合",$G7>0)),IF($N7<>"允许","停止：核适用性",IF($I7>$O7,"停止：超过上限","仍须核各环节合计")),"按报价核定"))) -> 仍须核各环节合计
A8: 5 | B8: 戊律师事务所 | C8: 混合 | D8: 1800 | E8: 100 | F8: 50000 | G8: 0 | H8: 10000000 | I8: =IF($B8="","",IF($C8="小时",IF(COUNT(D8:E8)=2,D8*E8,""),IF($C8="固定",IF(ISNUMBER(F8),F8,""),IF($C8="封顶",IF(COUNT(D8:F8)=3,MIN(D8*E8,F8),""),IF($C8="风险",IF(COUNT(G8:H8)=2,H8*G8,""),IF($C8="混合",IF(COUNT(D8:H8)=5,D8*E8+F8+H8*G8,""),"")))))) -> 230000 | J8: 25000 | K8: =IF($I8="","",$I8+$J8) -> 255000 | L8: =IF(OR($H8="",$H8=0,$K8=""),"",$K8/$H8) -> 0.0255 | M8: =IF($B8="","",IF(OR($I8="",LEFT($P8,2)="停止"),"待核/不推荐",IF($L8="","—",IF($L8<=0.1,"优先",IF($L8<=0.2,"可谈","偏高"))))) -> 优先 | N8: 未核查 | O8: =IF(OR($B8="",NOT(ISNUMBER($H8))),"",MIN(H8,1000000)*18%+MAX(0,MIN(H8-1000000,4000000))*15%+MAX(0,MIN(H8-5000000,5000000))*12%+MAX(0,MIN(H8-10000000,40000000))*9%+MAX(0,H8-50000000)*6%) -> 1380000 | P8: =IF($B8="","",IF($I8="","待补录报价",IF(OR($C8="风险",AND($C8="混合",$G8>0)),IF($N8<>"允许","停止：核适用性",IF($I8>$O8,"停止：超过上限","仍须核各环节合计")),"按报价核定"))) -> 按报价核定
I9: =IF($B9="","",IF($C9="小时",IF(COUNT(D9:E9)=2,D9*E9,""),IF($C9="固定",IF(ISNUMBER(F9),F9,""),IF($C9="封顶",IF(COUNT(D9:F9)=3,MIN(D9*E9,F9),""),IF($C9="风险",IF(COUNT(G9:H9)=2,H9*G9,""),IF($C9="混合",IF(COUNT(D9:H9)=5,D9*E9+F9+H9*G9,""),"")))))) | K9: =IF($I9="","",$I9+$J9) | L9: =IF(OR($H9="",$H9=0,$K9=""),"",$K9/$H9) | M9: =IF($B9="","",IF(OR($I9="",LEFT($P9,2)="停止"),"待核/不推荐",IF($L9="","—",IF($L9<=0.1,"优先",IF($L9<=0.2,"可谈","偏高"))))) | O9: =IF(OR($B9="",NOT(ISNUMBER($H9))),"",MIN(H9,1000000)*18%+MAX(0,MIN(H9-1000000,4000000))*15%+MAX(0,MIN(H9-5000000,5000000))*12%+MAX(0,MIN(H9-10000000,40000000))*9%+MAX(0,H9-50000000)*6%) | P9: =IF($B9="","",IF($I9="","待补录报价",IF(OR($C9="风险",AND($C9="混合",$G9>0)),IF($N9<>"允许","停止：核适用性",IF($I9>$O9,"停止：超过上限","仍须核各环节合计")),"按报价核定")))
I10: =IF($B10="","",IF($C10="小时",IF(COUNT(D10:E10)=2,D10*E10,""),IF($C10="固定",IF(ISNUMBER(F10),F10,""),IF($C10="封顶",IF(COUNT(D10:F10)=3,MIN(D10*E10,F10),""),IF($C10="风险",IF(COUNT(G10:H10)=2,H10*G10,""),IF($C10="混合",IF(COUNT(D10:H10)=5,D10*E10+F10+H10*G10,""),"")))))) | K10: =IF($I10="","",$I10+$J10) | L10: =IF(OR($H10="",$H10=0,$K10=""),"",$K10/$H10) | M10: =IF($B10="","",IF(OR($I10="",LEFT($P10,2)="停止"),"待核/不推荐",IF($L10="","—",IF($L10<=0.1,"优先",IF($L10<=0.2,"可谈","偏高"))))) | O10: =IF(OR($B10="",NOT(ISNUMBER($H10))),"",MIN(H10,1000000)*18%+MAX(0,MIN(H10-1000000,4000000))*15%+MAX(0,MIN(H10-5000000,5000000))*12%+MAX(0,MIN(H10-10000000,40000000))*9%+MAX(0,H10-50000000)*6%) | P10: =IF($B10="","",IF($I10="","待补录报价",IF(OR($C10="风险",AND($C10="混合",$G10>0)),IF($N10<>"允许","停止：核适用性",IF($I10>$O10,"停止：超过上限","仍须核各环节合计")),"按报价核定")))
I11: =IF($B11="","",IF($C11="小时",IF(COUNT(D11:E11)=2,D11*E11,""),IF($C11="固定",IF(ISNUMBER(F11),F11,""),IF($C11="封顶",IF(COUNT(D11:F11)=3,MIN(D11*E11,F11),""),IF($C11="风险",IF(COUNT(G11:H11)=2,H11*G11,""),IF($C11="混合",IF(COUNT(D11:H11)=5,D11*E11+F11+H11*G11,""),"")))))) | K11: =IF($I11="","",$I11+$J11) | L11: =IF(OR($H11="",$H11=0,$K11=""),"",$K11/$H11) | M11: =IF($B11="","",IF(OR($I11="",LEFT($P11,2)="停止"),"待核/不推荐",IF($L11="","—",IF($L11<=0.1,"优先",IF($L11<=0.2,"可谈","偏高"))))) | O11: =IF(OR($B11="",NOT(ISNUMBER($H11))),"",MIN(H11,1000000)*18%+MAX(0,MIN(H11-1000000,4000000))*15%+MAX(0,MIN(H11-5000000,5000000))*12%+MAX(0,MIN(H11-10000000,40000000))*9%+MAX(0,H11-50000000)*6%) | P11: =IF($B11="","",IF($I11="","待补录报价",IF(OR($C11="风险",AND($C11="混合",$G11>0)),IF($N11<>"允许","停止：核适用性",IF($I11>$O11,"停止：超过上限","仍须核各环节合计")),"按报价核定")))
I12: =IF($B12="","",IF($C12="小时",IF(COUNT(D12:E12)=2,D12*E12,""),IF($C12="固定",IF(ISNUMBER(F12),F12,""),IF($C12="封顶",IF(COUNT(D12:F12)=3,MIN(D12*E12,F12),""),IF($C12="风险",IF(COUNT(G12:H12)=2,H12*G12,""),IF($C12="混合",IF(COUNT(D12:H12)=5,D12*E12+F12+H12*G12,""),"")))))) | K12: =IF($I12="","",$I12+$J12) | L12: =IF(OR($H12="",$H12=0,$K12=""),"",$K12/$H12) | M12: =IF($B12="","",IF(OR($I12="",LEFT($P12,2)="停止"),"待核/不推荐",IF($L12="","—",IF($L12<=0.1,"优先",IF($L12<=0.2,"可谈","偏高"))))) | O12: =IF(OR($B12="",NOT(ISNUMBER($H12))),"",MIN(H12,1000000)*18%+MAX(0,MIN(H12-1000000,4000000))*15%+MAX(0,MIN(H12-5000000,5000000))*12%+MAX(0,MIN(H12-10000000,40000000))*9%+MAX(0,H12-50000000)*6%) | P12: =IF($B12="","",IF($I12="","待补录报价",IF(OR($C12="风险",AND($C12="混合",$G12>0)),IF($N12<>"允许","停止：核适用性",IF($I12>$O12,"停止：超过上限","仍须核各环节合计")),"按报价核定")))
I13: =IF($B13="","",IF($C13="小时",IF(COUNT(D13:E13)=2,D13*E13,""),IF($C13="固定",IF(ISNUMBER(F13),F13,""),IF($C13="封顶",IF(COUNT(D13:F13)=3,MIN(D13*E13,F13),""),IF($C13="风险",IF(COUNT(G13:H13)=2,H13*G13,""),IF($C13="混合",IF(COUNT(D13:H13)=5,D13*E13+F13+H13*G13,""),"")))))) | K13: =IF($I13="","",$I13+$J13) | L13: =IF(OR($H13="",$H13=0,$K13=""),"",$K13/$H13) | M13: =IF($B13="","",IF(OR($I13="",LEFT($P13,2)="停止"),"待核/不推荐",IF($L13="","—",IF($L13<=0.1,"优先",IF($L13<=0.2,"可谈","偏高"))))) | O13: =IF(OR($B13="",NOT(ISNUMBER($H13))),"",MIN(H13,1000000)*18%+MAX(0,MIN(H13-1000000,4000000))*15%+MAX(0,MIN(H13-5000000,5000000))*12%+MAX(0,MIN(H13-10000000,40000000))*9%+MAX(0,H13-50000000)*6%) | P13: =IF($B13="","",IF($I13="","待补录报价",IF(OR($C13="风险",AND($C13="混合",$G13>0)),IF($N13<>"允许","停止：核适用性",IF($I13>$O13,"停止：超过上限","仍须核各环节合计")),"按报价核定")))
I14: =IF($B14="","",IF($C14="小时",IF(COUNT(D14:E14)=2,D14*E14,""),IF($C14="固定",IF(ISNUMBER(F14),F14,""),IF($C14="封顶",IF(COUNT(D14:F14)=3,MIN(D14*E14,F14),""),IF($C14="风险",IF(COUNT(G14:H14)=2,H14*G14,""),IF($C14="混合",IF(COUNT(D14:H14)=5,D14*E14+F14+H14*G14,""),"")))))) | K14: =IF($I14="","",$I14+$J14) | L14: =IF(OR($H14="",$H14=0,$K14=""),"",$K14/$H14) | M14: =IF($B14="","",IF(OR($I14="",LEFT($P14,2)="停止"),"待核/不推荐",IF($L14="","—",IF($L14<=0.1,"优先",IF($L14<=0.2,"可谈","偏高"))))) | O14: =IF(OR($B14="",NOT(ISNUMBER($H14))),"",MIN(H14,1000000)*18%+MAX(0,MIN(H14-1000000,4000000))*15%+MAX(0,MIN(H14-5000000,5000000))*12%+MAX(0,MIN(H14-10000000,40000000))*9%+MAX(0,H14-50000000)*6%) | P14: =IF($B14="","",IF($I14="","待补录报价",IF(OR($C14="风险",AND($C14="混合",$G14>0)),IF($N14<>"允许","停止：核适用性",IF($I14>$O14,"停止：超过上限","仍须核各环节合计")),"按报价核定")))
A17: 折算规则
A18: 小时：小时费率 × 预估小时；固定：固定报价；封顶：MIN(小时费率 × 预估小时, 封顶报价)。
A19: 风险：预计回款×比例；混合：小时费×工时+固定部分+预计回款×比例（不含封顶）。纯封顶须同时填小时、工时及上限。
A20: 占回款比例 = 总成本 ÷ 预计回款；没有回款估计时留空，不强行比较。
A21: 建议仅按总成本/预计回款排序，不替代专业评分；风险部分未核查、禁止或超上限时停止推荐。

Sheet 案件台账
A1: 争议案件台账
A2: 人工核准G列法律截止日与I列下一节点；剩余天数取有效日期较早者−今天，≤30红、31—90黄、>90绿；预算超支亦红。日期仅模拟，不能从立案日自动加1年/2年。
A4: 案件编号 | B4: 案件名称 | C4: 对方主体 | D4: 程序 | E4: 标的额(元) | F4: 立案/受理日 | G4: 时效/执行截止日 | H4: 下一节点 | I4: 节点日期 | J4: 最早剩余天数 | K4: 负责人 | L4: 外聘律师 | M4: 预算(元) | N4: 已付(元) | O4: 预算余额(可负) | P4: 状态 | Q4: 风险灯
A5: LSW-001 | B5: 软件交付欠款（示例） | C5: 甲公司 | D5: 诉讼 | E5: 1200000 | F5: 46310 | G5: 47026 | H5: 一审开庭 | I5: 46341 | J5: =IF(OR($B5="",COUNT($G5,$I5)=0),"",MIN($G5,$I5)-TODAY()) -> 17 | K5: 法务甲 | L5: 甲律师事务所 | M5: 260000 | N5: 60000 | O5: =IF($M5="","",$M5-$N5) -> 200000 | P5: 审理中 | Q5: =IF($B5="","",IF($P5="已结案","绿",IF(AND(ISNUMBER($O5),$O5<0),"红",IF($J5="","黄",IF($J5<=30,"红",IF($J5<=90,"黄","绿")))))) -> 红
A6: LSW-002 | B6: 渠道返利争议（示例） | C6: 乙公司 | D6: 商事仲裁 | E6: 800000 | F6: 46266 | G6: 46934 | H6: 答辩/反请求 | I6: 46376 | J6: =IF(OR($B6="",COUNT($G6,$I6)=0),"",MIN($G6,$I6)-TODAY()) -> 52 | K6: 法务乙 | L6: 乙律师事务所 | M6: 180000 | N6: 50000 | O6: =IF($M6="","",$M6-$N6) -> 130000 | P6: 审理中 | Q6: =IF($B6="","",IF($P6="已结案","绿",IF(AND(ISNUMBER($O6),$O6<0),"红",IF($J6="","黄",IF($J6<=30,"红",IF($J6<=90,"黄","绿")))))) -> 黄
A7: LSW-003 | B7: 前员工竞业限制（示例） | C7: 丙某 | D7: 劳动仲裁 | E7: 300000 | F7: 46315 | G7: 46679 | H7: 证据交换 | I7: 46331 | J7: =IF(OR($B7="",COUNT($G7,$I7)=0),"",MIN($G7,$I7)-TODAY()) -> 7 | K7: 法务丙 | L7: 丙律师事务所 | M7: 60000 | N7: 0 | O7: =IF($M7="","",$M7-$N7) -> 60000 | P7: 已立案 | Q7: =IF($B7="","",IF($P7="已结案","绿",IF(AND(ISNUMBER($O7),$O7<0),"红",IF($J7="","黄",IF($J7<=30,"红",IF($J7<=90,"黄","绿")))))) -> 红
A8: LSW-004 | B8: 设备尾款执行（示例） | C8: 丁公司 | D8: 执行 | E8: 500000 | F8: 46235 | G8: 46965 | H8: 财产查控 | I8: 46327 | J8: =IF(OR($B8="",COUNT($G8,$I8)=0),"",MIN($G8,$I8)-TODAY()) -> 3 | K8: 法务丁 | L8: 丁律师事务所 | M8: 30000 | N8: 10000 | O8: =IF($M8="","",$M8-$N8) -> 20000 | P8: 执行中 | Q8: =IF($B8="","",IF($P8="已结案","绿",IF(AND(ISNUMBER($O8),$O8<0),"红",IF($J8="","黄",IF($J8<=30,"红",IF($J8<=90,"黄","绿")))))) -> 红
J9: =IF(OR($B9="",COUNT($G9,$I9)=0),"",MIN($G9,$I9)-TODAY()) | O9: =IF($M9="","",$M9-$N9) | Q9: =IF($B9="","",IF($P9="已结案","绿",IF(AND(ISNUMBER($O9),$O9<0),"红",IF($J9="","黄",IF($J9<=30,"红",IF($J9<=90,"黄","绿"))))))
J10: =IF(OR($B10="",COUNT($G10,$I10)=0),"",MIN($G10,$I10)-TODAY()) | O10: =IF($M10="","",$M10-$N10) | Q10: =IF($B10="","",IF($P10="已结案","绿",IF(AND(ISNUMBER($O10),$O10<0),"红",IF($J10="","黄",IF($J10<=30,"红",IF($J10<=90,"黄","绿"))))))
J11: =IF(OR($B11="",COUNT($G11,$I11)=0),"",MIN($G11,$I11)-TODAY()) | O11: =IF($M11="","",$M11-$N11) | Q11: =IF($B11="","",IF($P11="已结案","绿",IF(AND(ISNUMBER($O11),$O11<0),"红",IF($J11="","黄",IF($J11<=30,"红",IF($J11<=90,"黄","绿"))))))
J12: =IF(OR($B12="",COUNT($G12,$I12)=0),"",MIN($G12,$I12)-TODAY()) | O12: =IF($M12="","",$M12-$N12) | Q12: =IF($B12="","",IF($P12="已结案","绿",IF(AND(ISNUMBER($O12),$O12<0),"红",IF($J12="","黄",IF($J12<=30,"红",IF($J12<=90,"黄","绿"))))))
J13: =IF(OR($B13="",COUNT($G13,$I13)=0),"",MIN($G13,$I13)-TODAY()) | O13: =IF($M13="","",$M13-$N13) | Q13: =IF($B13="","",IF($P13="已结案","绿",IF(AND(ISNUMBER($O13),$O13<0),"红",IF($J13="","黄",IF($J13<=30,"红",IF($J13<=90,"黄","绿"))))))
J14: =IF(OR($B14="",COUNT($G14,$I14)=0),"",MIN($G14,$I14)-TODAY()) | O14: =IF($M14="","",$M14-$N14) | Q14: =IF($B14="","",IF($P14="已结案","绿",IF(AND(ISNUMBER($O14),$O14<0),"红",IF($J14="","黄",IF($J14<=30,"红",IF($J14<=90,"黄","绿"))))))
J15: =IF(OR($B15="",COUNT($G15,$I15)=0),"",MIN($G15,$I15)-TODAY()) | O15: =IF($M15="","",$M15-$N15) | Q15: =IF($B15="","",IF($P15="已结案","绿",IF(AND(ISNUMBER($O15),$O15<0),"红",IF($J15="","黄",IF($J15<=30,"红",IF($J15<=90,"黄","绿"))))))
A17: 更新规则
A18: 每周及关键变化时更新；风险灯兼看时效与下一节点，缺日期标黄；已结案需确认回款/执行节点后再关闭。预算变动超20%须说明并重新审批，负余额代表超支。

Sheet 例会记录
A1: 案件例会记录
A2: 固定议程：事实更新—法律争点—策略/决定—行动项—预算变化。每次会后 24 小时内发出纪要，行动项必须有负责人和截止日。
A3: 日期 | B3: 案件 | C3: 参会人 | D3: 事实更新 | E3: 法律争点 | F3: 策略/决定 | G3: 行动项 | H3: 负责人 | I3: 截止日 | J3: 状态 | K3: 预算变化(元) | L3: 逾期提醒
A4: 46317 | B4: LSW-001 | C4: 法务甲、业务乙、甲所律师 | D4: 对方提出质量抗辩 | E4: 验收标准与缺陷责任 | F4: 补充验收记录，准备鉴定申请 | G4: 整理验收单和测试报告 | H4: 法务甲 | I4: 46315 | J4: 进行中 | K4: 0 | L4: =IF(AND($B4<>"",ISNUMBER($I4),$I4<TODAY(),$J4<>"已完成",$J4<>"已取消"),"逾期","") -> 逾期
A5: 46319 | B5: LSW-002 | C5: 法务乙、财务丙、乙所律师 | D5: 仲裁委已受理 | E5: 返利计算口径 | F5: 先核对对账单，评估反请求 | G5: 出具返利测算表 | H5: 财务丙 | I5: 46326 | J5: 进行中 | K5: 20000 | L5: =IF(AND($B5<>"",ISNUMBER($I5),$I5<TODAY(),$J5<>"已完成",$J5<>"已取消"),"逾期","")
A6: 46323 | B6: LSW-003 | C6: 法务丙、HR丁、丙所律师 | D6: 对方提交新证据 | E6: 竞业补偿支付记录 | F6: 补充支付流水和启动通知 | G6: 调取银行流水 | H6: HR丁 | I6: 46329 | J6: 进行中 | K6: 0 | L6: =IF(AND($B6<>"",ISNUMBER($I6),$I6<TODAY(),$J6<>"已完成",$J6<>"已取消"),"逾期","")
L7: =IF(AND($B7<>"",ISNUMBER($I7),$I7<TODAY(),$J7<>"已完成",$J7<>"已取消"),"逾期","")
L8: =IF(AND($B8<>"",ISNUMBER($I8),$I8<TODAY(),$J8<>"已完成",$J8<>"已取消"),"逾期","")
L9: =IF(AND($B9<>"",ISNUMBER($I9),$I9<TODAY(),$J9<>"已完成",$J9<>"已取消"),"逾期","")
L10: =IF(AND($B10<>"",ISNUMBER($I10),$I10<TODAY(),$J10<>"已完成",$J10<>"已取消"),"逾期","")
L11: =IF(AND($B11<>"",ISNUMBER($I11),$I11<TODAY(),$J11<>"已完成",$J11<>"已取消"),"逾期","")
L12: =IF(AND($B12<>"",ISNUMBER($I12),$I12<TODAY(),$J12<>"已完成",$J12<>"已取消"),"逾期","")
L13: =IF(AND($B13<>"",ISNUMBER($I13),$I13<TODAY(),$J13<>"已完成",$J13<>"已取消"),"逾期","")
L14: =IF(AND($B14<>"",ISNUMBER($I14),$I14<TODAY(),$J14<>"已完成",$J14<>"已取消"),"逾期","")
L15: =IF(AND($B15<>"",ISNUMBER($I15),$I15<TODAY(),$J15<>"已完成",$J15<>"已取消"),"逾期","")
A17: 例会问题清单
A18: 1. 本周事实有无变化？新证据/新证人/新抗辩是什么？
A19: 2. 时效、管辖、保全、举证期限有无风险？
A20: 3. 对方是否有和解信号？底线和授权是否变化？
A21: 4. 预算是否超支？外部律师工时是否合理？
A22: 5. 下一步谁做什么、何时完成、如何验收？

Sheet 结案复盘
A1: 结案复盘
A2: 各表示例独立。净回收=回款−律师费−其他费；回款率=回款/债权本息；净回收率=净回收/债权本息。债权为0时比例留空，负净回收照实列示。
A3: 案件 | B3: 结果 | C3: 回款(元) | D3: 律师费(元) | E3: 其他费用(元) | F3: 净回收(元) | G3: 周期(月) | H3: 回款率 | I3: 目标达成(1-5) | J3: 经验 | K3: 改进 | L3: 债权本息(元) | M3: 净回收率
A4: LSW-001 | B4: 部分胜诉/和解 | C4: 800000 | D4: 120000 | E4: 30000 | F4: =IF($A4="","",$C4-$D4-$E4) -> 650000 | G4: 8 | H4: =IF(OR($A4="",$L4="",$L4=0),"",$C4/$L4) -> 0.66666667 | I4: 4 | J4: 验收记录是关键；保全促成和解 | K4: 以后在合同中写清验收标准和逾期视为验收 | L4: 1200000 | M4: =IF(OR($A4="",$L4="",$L4=0),"",$F4/$L4) -> 0.54166667
A5: LSW-002 | B5: 仲裁胜诉 | C5: 600000 | D5: 90000 | E5: 20000 | F5: =IF($A5="","",$C5-$D5-$E5) -> 490000 | G5: 10 | H5: =IF(OR($A5="",$L5="",$L5=0),"",$C5/$L5) -> 0.75 | I5: 3 | J5: 返利对账口径不清导致争议 | K5: 建立季度对账机制 | L5: 800000 | M5: =IF(OR($A5="",$L5="",$L5=0),"",$F5/$L5) -> 0.6125
A6: LSW-003 | B6: 和解 | C6: 150000 | D6: 30000 | E6: 5000 | F6: =IF($A6="","",$C6-$D6-$E6) -> 115000 | G6: 5 | H6: =IF(OR($A6="",$L6="",$L6=0),"",$C6/$L6) -> 0.5 | I6: 4 | J6: 补偿支付记录完整 | K6: 竞业启动通知模板化 | L6: 300000 | M6: =IF(OR($A6="",$L6="",$L6=0),"",$F6/$L6) -> 0.38333333
F7: =IF($A7="","",$C7-$D7-$E7) | H7: =IF(OR($A7="",$L7="",$L7=0),"",$C7/$L7) | M7: =IF(OR($A7="",$L7="",$L7=0),"",$F7/$L7)
F8: =IF($A8="","",$C8-$D8-$E8) | H8: =IF(OR($A8="",$L8="",$L8=0),"",$C8/$L8) | M8: =IF(OR($A8="",$L8="",$L8=0),"",$F8/$L8)
F9: =IF($A9="","",$C9-$D9-$E9) | H9: =IF(OR($A9="",$L9="",$L9=0),"",$C9/$L9) | M9: =IF(OR($A9="",$L9="",$L9=0),"",$F9/$L9)
F10: =IF($A10="","",$C10-$D10-$E10) | H10: =IF(OR($A10="",$L10="",$L10=0),"",$C10/$L10) | M10: =IF(OR($A10="",$L10="",$L10=0),"",$F10/$L10)
F11: =IF($A11="","",$C11-$D11-$E11) | H11: =IF(OR($A11="",$L11="",$L11=0),"",$C11/$L11) | M11: =IF(OR($A11="",$L11="",$L11=0),"",$F11/$L11)
F12: =IF($A12="","",$C12-$D12-$E12) | H12: =IF(OR($A12="",$L12="",$L12=0),"",$C12/$L12) | M12: =IF(OR($A12="",$L12="",$L12=0),"",$F12/$L12)
A14: 复盘问题
A15: 1. 结果与立项目标是否一致？差异原因是什么？
A16: 2. 回款、费用、净回收是否与预算一致？超支在哪里？
A17: 3. 时效、管辖、证据、保全哪个环节最关键？
A18: 4. 外部律师的投入、响应、质量和费用是否匹配？
A19: 5. 合同、制度、流程需要改什么？谁来改、何时完成？

Sheet 试算
A1: 公式试算
A2: 本表引用其他工作表的示例行，用于验证公式。修改示例数据后，期望值需同步调整；校验列显示 PASS/FAIL。
A4: 项目 | B4: 公式结果 | C4: 期望值 | D4: 校验
A5: 选聘加权合计（示例1） | B5: =选聘评分!I5 -> 4.15 | C5: 4.15 | D5: =IF(ISNUMBER($B5),IF(ABS($B5-$C5)<0.000001,"PASS","FAIL"),IF($B5=$C5,"PASS","FAIL")) -> PASS
A6: 选聘建议（示例1） | B6: =选聘评分!J5 -> 备选 | C6: 备选 | D6: =IF(ISNUMBER($B6),IF(ABS($B6-$C6)<0.000001,"PASS","FAIL"),IF($B6=$C6,"PASS","FAIL")) -> PASS
A7: 权重合计 | B7: =选聘评分!I3 -> 1 | C7: 1 | D7: =IF(ISNUMBER($B7),IF(ABS($B7-$C7)<0.000001,"PASS","FAIL"),IF($B7=$C7,"PASS","FAIL")) -> PASS
A8: 小时报价律师费 | B8: =费率比较!I4 -> 240000 | C8: 240000 | D8: =IF(ISNUMBER($B8),IF(ABS($B8-$C8)<0.000001,"PASS","FAIL"),IF($B8=$C8,"PASS","FAIL")) -> PASS
A9: 固定报价律师费 | B9: =费率比较!I5 -> 180000 | C9: 180000 | D9: =IF(ISNUMBER($B9),IF(ABS($B9-$C9)<0.000001,"PASS","FAIL"),IF($B9=$C9,"PASS","FAIL")) -> PASS
A10: 封顶报价律师费 | B10: =费率比较!I6 -> 200000 | C10: 200000 | D10: =IF(ISNUMBER($B10),IF(ABS($B10-$C10)<0.000001,"PASS","FAIL"),IF($B10=$C10,"PASS","FAIL")) -> PASS
A11: 风险代理律师费 | B11: =费率比较!I7 -> 1000000 | C11: 1000000 | D11: =IF(ISNUMBER($B11),IF(ABS($B11-$C11)<0.000001,"PASS","FAIL"),IF($B11=$C11,"PASS","FAIL")) -> PASS
A12: 混合报价律师费 | B12: =费率比较!I8 -> 230000 | C12: 230000 | D12: =IF(ISNUMBER($B12),IF(ABS($B12-$C12)<0.000001,"PASS","FAIL"),IF($B12=$C12,"PASS","FAIL")) -> PASS
A13: 小时报价总成本 | B13: =费率比较!K4 -> 260000 | C13: 260000 | D13: =IF(ISNUMBER($B13),IF(ABS($B13-$C13)<0.000001,"PASS","FAIL"),IF($B13=$C13,"PASS","FAIL")) -> PASS
A14: 结案净回收 | B14: =结案复盘!F4 -> 650000 | C14: 650000 | D14: =IF(ISNUMBER($B14),IF(ABS($B14-$C14)<0.000001,"PASS","FAIL"),IF($B14=$C14,"PASS","FAIL")) -> PASS
A15: 结案回款率（分母为债权） | B15: =结案复盘!H4 -> 0.66666667 | C15: 0.66666667 | D15: =IF(ISNUMBER($B15),IF(ABS($B15-$C15)<0.000001,"PASS","FAIL"),IF($B15=$C15,"PASS","FAIL")) -> PASS
A16: 台账剩余天数公式 | B16: =案件台账!J5 -> 17 | C16: =MIN(案件台账!G5,案件台账!I5)-TODAY() -> 17 | D16: =IF(ISNUMBER($B16),IF(ABS($B16-$C16)<0.000001,"PASS","FAIL"),IF($B16=$C16,"PASS","FAIL")) -> PASS
A17: 风险灯公式 | B17: =案件台账!Q5 -> 红 | C17: =IF(MIN(案件台账!G5,案件台账!I5)-TODAY()<=30,"红",IF(MIN(案件台账!G5,案件台账!I5)-TODAY()<=90,"黄","绿")) -> 红 | D17: =IF(ISNUMBER($B17),IF(ABS($B17-$C17)<0.000001,"PASS","FAIL"),IF($B17=$C17,"PASS","FAIL")) -> PASS
A18: 例会逾期提醒公式 | B18: =例会记录!L4 -> 逾期 | C18: =IF(DATE(2026,10,20)<TODAY(),"逾期","") -> 逾期 | D18: =IF(ISNUMBER($B18),IF(ABS($B18-$C18)<0.000001,"PASS","FAIL"),IF($B18=$C18,"PASS","FAIL")) -> PASS
A19: 净回收率（分母为债权） | B19: =结案复盘!M4 -> 0.54166667 | C19: 0.54166667 | D19: =IF(ISNUMBER($B19),IF(ABS($B19-$C19)<0.000001,"PASS","FAIL"),IF($B19=$C19,"PASS","FAIL")) -> PASS
A20: 风险收费上限（1000万） | B20: =费率比较!O7 -> 1380000 | C20: 1380000 | D20: =IF(ISNUMBER($B20),IF(ABS($B20-$C20)<0.000001,"PASS","FAIL"),IF($B20=$C20,"PASS","FAIL")) -> PASS
A21: 混合报价总成本 | B21: =费率比较!K8 -> 255000 | C21: 255000 | D21: =IF(ISNUMBER($B21),IF(ABS($B21-$C21)<0.000001,"PASS","FAIL"),IF($B21=$C21,"PASS","FAIL")) -> PASS
